 Dungeon Crawl Stone Soup version 0.26-a0-854-gdc81c2f471 (webtiles) character file.

Game seed: 14265654867023942621

98 Peloso the Covered (level 4, -13/36 HPs)
             Began as a Minotaur Fighter on Nov 24, 2020.
             Mangled by an ogre
             ... wielding a +0 giant club
              (19 damage)
             ... on level 5 of the Dungeon.
             The game lasted 00:02:40 (1133 turns).

Peloso the Covered (Minotaur Fighter)               Turns: 1133, Time: 00:02:41

Health: -13/36     AC:  7    Str: 20    XL:     4   Next: 44%
Magic:  3/3        EV:  7    Int:  5    God:
Gold:   119        SH:  9    Dex: 11    Spells: 3/3 levels left

rFire    . . .     SeeInvis .   a - +0 long sword
rCold    . . .     Faith    .   c - +0 kite shield
rNeg     . . .     Spirit   .   b - +0 scale mail
rPois    .         Reflect  .   (helmet restricted)
rElec    .         Harm     .   (no cloak)
rCorr    .         Rampage  .   (no gloves)
MR       .....                  (no boots)
Stlth    ..........             (no amulet)
HPRegen  0.12/turn              (no ring)
MPRegen  0.08/turn              (no ring)

@: no status effects
A: retaliatory headbutt, horns 2, frail 1, wild magic 1
a: no special abilities


You were on level 5 of the Dungeon.
You visited 1 branch of the dungeon, and saw 5 of its levels.

You collected 119 gold pieces.

Inventory:

Hand Weapons
 a - a +0 long sword (weapon)
Armour
 b - a +0 scale mail (worn)
 c - a +0 kite shield (worn)
Scrolls
 e - 2 scrolls of identify {unknown}
 f - a scroll of enchant armour {unknown}
Potions
 d - a potion of might
 h - a potion of heal wounds


   Skills:
 + Level 4.2 Fighting
 + Level 3.8 Long Blades
 + Level 4.4 Armour
 + Level 0.7 Dodging
 + Level 0.1 Stealth
 + Level 4.2 Shields


You had 3 spell levels left.
You didn't know any spells.
Your spell library was empty.

Dungeon Overview and Level Annotations

Branches:
Dungeon (5/15)
 Temple: D:4-7

Altars:
Cheibriados


Innate Abilities, Weirdness & Mutations

You reflexively headbutt those who attack you in melee.
You have a pair of horns on your head.
You are frail. (-10% HP)
Your spells are a little harder to cast, but a little more powerful.


Message History

The ogre shouts!
An ogre is nearby!
An adder comes into view.
The adder hisses angrily.
The ogre barely misses you.
You riposte.
You hit the ogre but do no damage. You slash the ogre!
Your headbutt misses the ogre.
The ogre is moderately wounded.
The ogre barely misses you.
You barely miss the ogre. Your headbutt misses the ogre.
The ogre is moderately wounded.
You block the ogre's attack. You block the ogre's attack.
The ogre hits you with a +0 giant club!!
Ouch! That really hurt!
The ogre hits you with a +0 giant club!
* * * LOW HITPOINT WARNING * * *
You block the ogre's attack.
The ogre hits you with a +0 giant club!!
Ouch! That really hurt!
You die...

.# ##.# ...#
#.. ... #S#
#O# #@# #.#
#.# ####.#
#.<..# #..###
####...######
+............
####...######


You could see an ogre and an adder.

Vanquished Creatures
  A hound (D:4)
  An adder (D:2)
  An ooze (D:1)
  3 leopard geckos
  An orc (D:3)
  3 giant cockroaches
  11 goblins
  5 hobgoblins
  3 jackals (D:1)
  7 kobolds
  3 ball pythons
  3 bats (D:1)
  2 frilled lizards (D:1)
  4 rats
48 creatures vanquished.

Notes
Turn   | Place    | Note
-------+----------+-------------------------------------------
     0 | D:1      | Peloso the Minotaur Fighter began the quest for the Orb.
     0 | D:1      | Reached XP level 1. HP: 19/19 MP: 0/0
    33 | D:1      | Reached XP level 2. HP: 24/27 MP: 1/1
   342 | D:1      | Reached XP level 3. HP: 33/33 MP: 2/2
   890 | D:2      | Gained mutation: You are frail. (-10% HP) [potion of
                  | mutation]
   890 | D:2      | Gained mutation: Your spells are a little harder to cast,
                  | but a little more powerful. [potion of mutation]
  1081 | D:4      | Reached XP level 4. HP: 36/36 MP: 3/3
  1102 | D:4      | Found a snail-covered altar of Cheibriados.
  1113 | D:5      | Entered Level 5 of the Dungeon
  1121 | D:5      | Noticed an ogre
  1133 | D:5      | Mangled by an ogre

Illustrated notes

Levels and vault maps discovered:
D:1:      dpeg_arrival_simpleton_a, layout_basic
D:2:      layout_rooms, kennysheep_generic_room_6
D:3:      layout_basic, nemelex_xobeh_ov_fountains_minmay
D:4:      minmay_opposing_rooms, layout_cave_pools,
          nicolae_tso_besieged_by_evil, cheibriados_altar_1,
          hangedman_decor_slide_cut
D:5:      layout_loops_corners, lemuel_crystal_altar, kennysheep_mini,
          minmay_temple_entry_glassed_door, basic_altar, st_stairs_10,
          uniq_eustachio

Skill      XL: |  1  2  3 |
---------------+----------+-----
Shields        | 4 |  4.2
Fighting       | 4 |  4.2
Armour         | 4 |  4.4
Long Blades    | 3 |  3.8
Dodging        | |  0.7
Stealth        | |  0.1

Action                   |  1- 3 |  4- 6 || total
-------------------------+-------+-------++-------
Melee: Long sword        |    93 |     3 ||    96
       Headbutt          |     8 |       ||     8
  Use: Potion            |     2 |       ||     2
Armor: Scale mail        |    67 |       ||    67
Dodge: Dodged            |    43 |     2 ||    45
Block: Kite shield       |    61 |     3 ||    64
       Rpst.: Long sword |     9 |     1 ||    10

Table legend: (Time is in decaauts)
 A = Elapsed time spent in this place.
 B = Non-inter-level travel time spent in this place.
 C = Inter-level travel time spent in this place.
 D = Time resting spent in this place.
 E = Time spent auto-exploring this place.
 F = Levels seen in this place.
 G = Mean time per level.
                   A        B        C        D        E       F      G
               +--------+--------+--------+--------+--------+-----+--------+
         Total |   1163 |   1131 |     32 |      0 |    801 |   5 |  232.6 |
       Dungeon |   1163 |   1131 |     32 |      0 |    801 |   5 |  232.6 |
               +--------+--------+--------+--------+--------+-----+--------+

Top non-repeatable levels by time:
     D:1: 787 daAuts
     D:2: 143 daAuts
     D:3: 123 daAuts
     D:4: 87 daAuts
     D:5: 20 daAuts
